Description

2-1-1 Build

Build Order

Get SALT Encoding   

  14  0:17  Supply Depot  
  16  0:40  Barracks  #1
  16  0:43  Refinery  
  19  1:27  Orbital Command, Marine  
  20  1:38  Command Center  
  21  1:50  Barracks  #2
  21  1:59  Barracks Reactor  @ #1
  22  2:09  Supply Depot  
  23  2:12  Refinery  
  22  2:22  Factory  
  26  2:37  Barracks Tech Lab  @ #2
  31  2:56  Stimpack  
  35  3:15  Starport  
  35  3:23  Factory Reactor  For Swap
  40  3:35  Supply Depot  
  43  3:45  Engineering Bay  
  49  4:01  Medivac x2  
  54  4:26  Terran Infantry Weapons Level 1  
  56  4:30  Factory Tech Lab  
  57  4:31  Refinery  
  61  4:45  Action  15-16 Marines - Move Out
Spawning Tool Build Advisor. Get it on Overwolf

Go to:

Details

  • Created by: Machaube
  • Published on: Apr 09, 2020
  • Modified on: Apr 09, 2020
  • Patch: 4.11.0
Show
View Real Time Build Order
Export as new Build Order

Comments (0)

There are no comments. Be the first!

Create an account to comment!